 Dungeon Crawl Stone Soup version 0.30-a0-459-g9104f0fc43 (webtiles) character file.

Game seed: 8198052356014521540

499 oldriver the Shooter (level 7, -2/55 HPs)
             Began as a Barachi Hexslinger on Dec 16, 2022.
             Was an Initiate of Cheibriados.
             Splashed by a jelly's acid (7 damage)
             ... on level 5 of the Dungeon.
             The game lasted 00:05:00 (3797 turns).

oldriver the Shooter (Barachi Hexslinger)           Turns: 3797, Time: 00:05:01

Health: -2/55      AC:  0    Str: 12    XL:     7   Next: 16%
Magic:  8/8        EV:  9    Int: 15    God:    Cheibriados [......]
Gold:   206        SH:  6    Dex: 15    Spells: 7/8 levels left

rFire   . . .      SeeInvis .    a - +2 sling
rCold   . . .      Faith    .    k - +2 buckler
rNeg    . . .      Spirit   .    l - +0 scale mail
rPois   .          Reflect  .    e - +0 helmet
rElec   .          Harm     .    (no cloak)
rCorr   .          Rampage  .    r - +0 pair of gloves
Will    .....                    (no boots)
Stlth   ..........               (no amulet)
HPRegen 0.29/turn                (no ring)
MPRegen 0.11/turn                (no ring)

@: corroded, unable to hop, very slow
A: amphibious, slowness 1, strong legs 1, +LOS
a: Hop, Renounce Religion


You were on level 5 of the Dungeon.
You worshipped Cheibriados.
Cheibriados was noncommittal.
You visited 2 branches of the dungeon, and saw 6 of its levels.

You collected 206 gold pieces.

Inventory:

Hand Weapons
 a - a +2 sling (weapon)
 g - a +0 dagger of speed
Armour
 e - a +0 helmet (worn)
 k - a +2 buckler (worn)
 l - a +0 scale mail (worn)
 r - a +0 pair of gloves (worn)
Scrolls
 c - a scroll of identify
 d - 2 scrolls of vulnerability
 h - a scroll of blinking
 i - a scroll of butterflies {unknown}
 q - a scroll of silence
Potions
 j - 2 potions of mutation
 m - 2 potions of lignification
 n - a potion of heal wounds {unknown}
 o - 2 potions of invisibility


   Skills:
 + Level 4.6 Fighting
 * Level 5.8 Ranged Weapons
 + Level 2.0 Armour
 - Level 2.1 Dodging
 + Level 1.7 Shields
 - Level 1.1 Spellcasting
 - Level 3.2 Hexes


You had 7 spell levels left.
You knew the following spells:

 Your Spells              Type           Power      Damage    Failure   Level
a - Slow                  Hex            40%        N/A       41%         1

Your spell library contained the following spells:

 Spells                   Type           Power      Damage    Failure   Level
 Inner Flame              Hex/Fire       5%         N/A       95%         3
 Portal Projectile        Hex/Tloc       10%        N/A       95%         3
 Ignite Poison            Fire/Tmut/Pois 0%         N/A       99%         3
 Kindle Blastsparks       Fire/Tloc/Air  0%         2d10      99%         3
 Cause Fear               Hex            5%         N/A       99%         4
 Fulminant Prism          Conj/Hex       2%         3d5       100%        4
 Iskenderun's Mystic Bla  Conj/Tloc      0%         2d3       100%        4
 Freezing Cloud           Conj/Ice/Air   0%         6-21      100%        5
 Lee's Rapid Deconstruct  Erth           0%         3d4*      100%        5


Dungeon Overview and Level Annotations

Branches:
Dungeon (5/15)             Temple (1/1) D:4

Altars:
Ashenzari
Cheibriados
Elyvilon
Fedhas
Gozag
Hepliaklqana
Kikubaaqudgha
Nemelex Xobeh
Okawaru
Qazlal
Ru
Sif Muna
Trog
Uskayaw
Vehumet
Wu Jian
Xom
Yredelemnul
Zin
The Shining One


Innate Abilities, Weirdness & Mutations

You are amphibious.
You cover ground slowly.
You can hop short distances.
You have an extended range of vision and can be seen from far away.


Message History

Press: ? - help, Shift-Dir - straight line, f/p - jelly
Aim: a jelly (poison gas, lightly wounded, 90% to hit)
You shoot a sling bullet. The sling bullet hits the jelly.
The jelly is lightly wounded.
* * * LOW HITPOINT WARNING * * *
You feel very sick. The jelly closely misses you.
You feel better. The jelly misses you.
Fire: a) +2 sling
Press: ? - help, Shift-Dir - straight line, f/p - jelly
Aim: a jelly (poison gas, lightly wounded, 90% to hit)
You shoot a sling bullet.
The sling bullet hits the jelly but does no damage.
The jelly is lightly wounded.
The jelly hits you. The acid corrodes you!
You are splashed with acid!
* * * LOW HITPOINT WARNING * * *
Fire: a) +2 sling
Press: ? - help, Shift-Dir - straight line, f/p - jelly
Aim: a jelly (poison gas, lightly wounded, 90% to hit)
You shoot a sling bullet. The sling bullet hits the jelly.
The jelly is moderately wounded.
You block the jelly's attack.
Unknown command.
Okay, then.
Blink to where?
Press: ? - help, Dir - move target, p - jelly Really blink into that cloud of poison gas?
Okay, then.
Blink to where?
Press: ? - help, Dir - move target, f - you
Okay, then.
Fire: a) +2 sling
Press: ? - help, Shift-Dir - straight line, f - jelly
Aim: a jelly (poison gas, moderately wounded, 90% to hit)
You shoot a sling bullet. The sling bullet hits the jelly.
The jelly is severely wounded.
The jelly hits you.
* * * LOW HITPOINT WARNING * * *
You are splashed with acid!
You die...

###....# #§§§☼☼§§§☼..#
#......# #§§☼☼○○§○§..#
#......# #§§☼§☼§○§☼..#.
#...#### #☼§○§○§§§§...#
#...# #§§§§§○☼§§....
#...######☼☼§○§☼☼§§....
#........○○§§§.☼§§§....
#....#####§§§§s☼§§§....
#....# #@J§☼Sw§§§....
#....# #○○☼§○§§§○....
####.# ##§☼○#§§§§....
#.# #☼§○#..§§.... #..
+§○§######### ### #§§☼#
#§§○# #§§☼# ○§§#


You could see a scorpion, a jelly, an adder and a dart slug.

Vanquished Creatures
  Prince Ribbit (D:5)
  A scorpion (D:4)
  2 hounds (D:5)
  A jelly (D:5)
  An iguana (D:4)
  An orc wizard (D:4)
  4 adders
  A worm (D:4)
  A dart slug (D:4)
  4 orcs (D:4)
  5 ball pythons
  10 endoplasms
  7 giant cockroaches
  5 goblins
  10 hobgoblins
  4 quokkas
  7 bats
  4 frilled lizards
  14 kobolds
  5 rats
88 creatures vanquished.

Notes
Turn   | Place    | Note
-------+----------+-------------------------------------------
     0 | D:1      | oldriver the Barachi Hexslinger began the quest for the
                  | Orb.
     0 | D:1      | Reached XP level 1. HP: 15/15 MP: 2/2
   186 | D:1      | Reached XP level 2. HP: 22/22 MP: 3/3
   221 | D:1      | You fall into a shaft and drop 1 floor!
   652 | D:1      | Reached skill level 3 in Ranged Weapons
   655 | D:1      | Reached XP level 3. HP: 27/27 MP: 4/4
  1598 | D:3      | Reached XP level 4. HP: 14/34 MP: 5/5
  2304 | D:3      | Reached skill level 4 in Ranged Weapons
  2603 | D:4      | Reached XP level 5. HP: 32/41 MP: 6/6
  2798 | D:4      | Reached skill level 5 in Ranged Weapons
  2981 | D:4      | Reached XP level 6. HP: 48/48 MP: 7/7
  3113 | D:4      | Found a staircase to the Ecumenical Temple.
  3122 | Temple   | Entered the Ecumenical Temple
  3248 | Temple   | Became a worshipper of Cheibriados the Contemplative
  3713 | D:5      | Entered Level 5 of the Dungeon
  3714 | D:5      | Noticed Prince Ribbit
  3731 | D:5      | Killed Prince Ribbit
  3732 | D:5      | Reached skill level 1 in Armour
  3732 | D:5      | Reached skill level 1 in Shields
  3732 | D:5      | Reached XP level 7. HP: 55/55 MP: 8/8
  3797 | D:5      | Splashed by a jelly's acid

Illustrated notes

Levels and vault maps discovered:
D:1:      saegor_arrival_simple_a, layout_basic, minmay_close_crescents
D:2:      minmay_skewed_foursquare, layout_basic
D:3:      layout_loops_ring
D:4:      minmay_evil_eye, layout_cave_pools, minmay_temple_entry_mini_moons
D:5:      layout_basic, serial_shops, nicolae_shop_crystal, minmay_circle_x,
          uniq_ijyb, uniq_prince_ribbit1, uniq_pikel
Temple:   nicolae_temple_slightly_damp_pantheon

Skill      XL: |  1  2  3  4  5  6  7 |
---------------+----------------------+-----
Fighting       | 2 3 4 |  4.6
Ranged Weapons | 3 4 5 |  5.8
Armour         | 1 2 |  2.0
Shields        | 1 |  1.7
Dodging        | |  2.1
Spellcasting   | |  1.1
Hexes          | |  3.2

Action                   |  1- 3 |  4- 6 |  7- 9 || total
-------------------------+-------+-------+-------++-------
 Fire: Sling             |   114 |   182 |    22 ||   318
 Cast: Slow              |     3 |       |       ||     3
 Abil: Hop               |       |     1 |     1 ||     2
  Use: Scroll            |       |    12 |     1 ||    13
       Potion            |       |     2 |     1 ||     3
Armor: Robe              |     7 |    18 |       ||    25
       Scale mail        |       |     1 |    10 ||    11
Dodge: Dodged            |    36 |    71 |    15 ||   122
Block: Buckler           |       |       |     8 ||     8

Table legend: (Time is in decaauts)
 A = Elapsed time spent in this place.
 B = Non-inter-level travel time spent in this place.
 C = Inter-level travel time spent in this place.
 D = Time resting spent in this place.
 E = Time spent auto-exploring this place.
 F = Levels seen in this place.
 G = Mean time per level.
                   A        B        C        D        E       F      G
               +--------+--------+--------+--------+--------+-----+--------+
         Total |   4516 |   4204 |    312 |    583 |   2952 |   6 |  752.7 |
       Dungeon |   4220 |   3974 |    246 |    583 |   2750 |   5 |  844.0 |
        Temple |    295 |    230 |     65 |      0 |    202 |   1 |  295.0 |
               +--------+--------+--------+--------+--------+-----+--------+

Top non-repeatable levels by time:
     D:3: 1166 daAuts
     D:2: 1071 daAuts
     D:4: 978 daAuts
     D:1: 885 daAuts
  Temple: 295 daAuts
     D:5: 118 daAuts
